 Dungeon Crawl Stone Soup version 0.20-a0-208-g55166f7 (webtiles) character file.

30 feito the Insei (level 3, -3/31 HPs)
             Began as a Naga Transmuter on Nov 25, 2016.
             Killed from afar by Sigmund (7 damage)
             ... with a puff of flame
             ... on level 2 of the Dungeon.
             The game lasted 00:06:42 (707 turns).

feito the Insei (Naga Transmuter)                    Turns: 707, Time: 00:06:44

Health: -3/31      AC:  2    Str: 12    XL:     3   Next: 18%
Magic:  4/7        EV: 10    Int: 13    God:
Gold:   23         SH:  0    Dex: 12    Spells: 3/7 levels left

rFire  . . .     SeeInvis +     n - +1 short sword (venom)
rCold  . . .     Gourm    .     b - +0 robe
rNeg   . . .     Faith    .     (no shield)
rPois  +         Spirit   .     (no helmet)
rElec  .         Reflect  .     (no cloak)
rCorr  .         Harm     .     (no gloves)
MR     .....                    (no barding)
Stlth  +.........               (no amulet)
                                (no ring)
                                (no ring)

@: very slow
A: see invisible, deformed body, poison resistance, slowness 2, slow metabolism
1, spit poison 1, AC +1
a: Spit Poison


You were on level 2 of the Dungeon.
You were not hungry.

You visited 1 branch of the dungeon, and saw 2 of its levels.

You collected 23 gold pieces.

Inventory:

Hand Weapons
 n - a +1 short sword of venom (weapon)
Missiles
 a - 12 arrows
Armour
 b - a +0 robe (worn)
Scrolls
 e - a scroll of identify {unknown}
 g - a scroll of immolation {unknown}
 l - a scroll of noise {unknown}
Potions
 h - a potion of brilliance {unknown}
 j - a potion of degeneration {unknown}
 k - a potion of curing {unknown}
Books
 c - a book of Changes

   Spells                             Type                      Level
   a - Beastly Appendage              Transmutation                1
   b - Sticks to Snakes               Transmutation                2
   c - Spider Form                    Transmutation/Poison         3
   d - Ice Form                       Ice/Transmutation            4
   e - Blade Hands                    Transmutation                5
Comestibles
 d - 5 bread rations
 f - a beef jerky
 i - a royal jelly


   Skills:
 * Level 1.0 Fighting
 + Level 1.7 Dodging
 + Level 3.5 Unarmed Combat
 + Level 2.6 Spellcasting
 * Level 2.0 Transmutations


You had 3 spell levels left.
You knew the following spells:

 Your Spells              Type           Power        Failure   Level  Hunger
a - Beastly Appendage     Tmut           #.....       12%         1    #......
b - Spider Form           Tmut/Pois      #.........   52%         3    ###....


Dungeon Overview and Level Annotations

Branches:
Dungeon (2/15)

Altars:
Nemelex Xobeh

Annotations:
D:2 Sigmund


Innate Abilities, Weirdness & Mutations

You cannot wear boots.
Your serpentine skin is tough. (AC +1)
You have supernaturally acute eyesight. (SInv)
Armour fits poorly on your strangely shaped body.
Your system is resistant to poisons. (rPois)
You cover ground very slowly.
You have a slow metabolism.
You can spit poison.


Message History

There is a stone staircase leading down here.
You can't go up here!
You climb downwards.
A worm and Sigmund come into view.
Sigmund is wielding a scythe of protection.
Sigmund shouts!
Found 16 gold pieces, a pair of gloves and a runed whip.
There is a stone staircase leading up here.
Sigmund zaps a wand.
The puff of flame hits you!
It is a wand of flame (?/48).
Sigmund zaps a wand.
The puff of flame hits you!
Sigmund zaps a wand.
The puff of flame hits you!
* * * LOW HITPOINT WARNING * * *
There is a stone staircase leading up here.
Your transformation has ended.
Your +1 short sword of venom unmelds from your body.
Your +0 robe unmelds from your body.
Your +1 short sword of venom begins to drip with poison!
Sigmund casts a spell at you. The puff of flame hits you!
You die...

.......##+#..
#.........).#
+.........w.#
...........#+
............
+.####.....@....
#..[............
#$......@#
#.########


You could see Sigmund and a worm.

Vanquished Creatures
  An ooze (D:1)
  A leopard gecko (D:1)
  2 ball pythons (D:1)
  A bat (D:1)
  3 giant cockroaches (D:1)
  5 goblins (D:1)
  4 hobgoblins (D:1)
  A kobold (D:1)
  4 rats (D:1)
22 creatures vanquished.

Notes
Turn   | Place    | Note
-------+----------+-------------------------------------------
     0 | D:1      | feito the Naga Transmuter began the quest for the Orb.
     0 | D:1      | Reached XP level 1. HP: 18/18 MP: 3/3
    86 | D:1      | Reached XP level 2. HP: 23/25 MP: 1/5
   397 | D:1      | Reached XP level 3. HP: 24/31 MP: 4/6
   492 | D:1      | Found a sparkling altar of Nemelex Xobeh.
   696 | D:1      | Learned a level 3 spell: Spider Form
   702 | D:2      | Noticed Sigmund
   707 | D:2      | Killed from afar by Sigmund

Vault maps used:
D:1:      minmay_arrival_split_and_join, nemelex_xobeh_ov_fountains_minmay
D:2:      grunt_temple_overflow_open, first_bread, uniq_iyjb, uniq_sigmund

Action                   || total
-------------------------++-------
Melee: Unarmed           ||    65
       Headbutt          ||     6
       Punch             ||     2
       Short sword       ||     4
 Cast: Beastly Appendage ||    10
       Spider Form       ||     1
 Abil: Spit Poison       ||     4
Armor: Robe              ||    11
Dodge: Dodged            ||    34
